 Dungeon Crawl Stone Soup version 0.30-a0-341-g682706514a (webtiles) character file.

Game seed: 9445963138665054609

1204 retardedninja the Trooper (level 8, -2/71 HPs)
             Began as a Hill Orc Fighter on Nov 1, 2022.
             Was an Initiate of Gozag.
             Slain by a gnoll
             ... wielding a +0 halberd
             ... led by a gnoll sergeant
              (4 damage)
             ... on level 5 of the Dungeon.
             The game lasted 00:06:16 (4398 turns).

retardedninja the Trooper (Hill Orc Fighter)        Turns: 4398, Time: 00:06:16

Health: -2/71      AC: 13    Str: 21    XL:     8   Next: 45%
Magic:  8/8        EV:  6    Int:  8    God:    Gozag
Gold:   194        SH:  5    Dex: 10    Spells: 7/7 levels left

rFire   + . .      SeeInvis .    a - +0 war axe
rCold   + . .      Faith    .    c - +0 buckler
rNeg    . . .      Spirit   .    j - +1 plate armour
rPois   +          Reflect  .    (no helmet)
rElec   +          Harm     .    (no cloak)
rCorr   +          Rampage  .    (no gloves)
Will    .....                    (no boots)
Stlth   ..........               (no amulet)
HPRegen 0.31/turn                (no ring)
MPRegen 0.11/turn                (no ring)

@: resistant, flying
A: no striking features
a: Renounce Religion, Potion Petition, Call Merchant, Bribe Branch


You were on level 5 of the Dungeon.
You worshipped Gozag.
Gozag was aware of your devotion.
You visited 2 branches of the dungeon, and saw 6 of its levels.

You collected 239 gold pieces.
You paid 45 gold pieces to Gozag.

Inventory:

Hand Weapons
 a - a +0 war axe (weapon)
Armour
 c - a +0 buckler (worn)
 j - a +1 plate armour (worn)
Jewellery
 k - a ring of wizardry
 m - an amulet of the acrobat
Scrolls
 d - a scroll of identify
 f - a scroll of amnesia
 l - a scroll of noise
Potions
 g - a potion of haste {unknown}
 h - a potion of attraction
 o - a potion of magic


   Skills:
 + Level 6.9 Fighting
 + Level 6.9 Axes
 + Level 6.3 Armour
 + Level 6.3 Shields


You had 7 spell levels left.
You didn't know any spells.
Your spell library contained the following spells:

 Spells                   Type           Power      Damage    Failure   Level
 Apportation              Tloc           0%         N/A       100%        1
 Necrotise                Necr           0%         1d4       100%        1
 Summon Small Mammal      Summ           0%         N/A       100%        1
 Ozocubu's Armour         Ice            0%         N/A       100%        3
 Alistair's Intoxication  Tmut/Pois      0%         N/A       100%        5
 Borgnjor's Vile Clutch   Necr/Erth      0%         N/A       100%        5
 Eringya's Noxious Bog    Tmut/Pois      0%         N/A       100%        6
 Ozocubu's Refrigeration  Ice            0%         4d7       100%        7


Dungeon Overview and Level Annotations

Branches:
Dungeon (5/15)             Temple (1/1) D:4

Altars:
Cheibriados
Elyvilon
Gozag
Hepliaklqana
Kikubaaqudgha
Makhleb
Okawaru
Qazlal
Ru
Sif Muna
Trog
Vehumet
Yredelemnul
Zin
The Shining One


Message History

The gnoll sergeant is moderately wounded.
You block the gnoll's attack. The gnoll barely misses you.
The gnoll sergeant is distracted by your dazzling golden aura.
You closely miss the gnoll sergeant.
The gnoll sergeant is no longer distracted by gold.
The gnoll sergeant is moderately wounded.
The gnoll hits you from afar with a +0 halberd.
The gnoll hits you but does no damage.
The gnoll sergeant hits you with a +0 spear.
The gnoll sergeant blocks your attack.
The gnoll sergeant is moderately wounded.
The gnoll hits you from afar with a +0 halberd.
You block the gnoll's attack.
The gnoll sergeant hits you but does no damage.
You hit the gnoll sergeant.
The gnoll sergeant is heavily wounded.
The gnoll closely misses you. You block the gnoll's attack.
The gnoll sergeant hits you but does no damage.
The gnoll sergeant hits you with a +0 spear.
The gnoll hits you from afar with a +0 halberd.
The gnoll barely misses you. The gnoll sergeant blocks your attack.
The gnoll sergeant is heavily wounded.
The gnoll hits you from afar with a +0 halberd!
* * * LOW HITPOINT WARNING * * *
The gnoll hits you from afar with a +0 halberd!
* * * LOW HITPOINT WARNING * * *
The gnoll sergeant hits you with a +0 spear.
* * * LOW HITPOINT WARNING * * *
It was a potion of resistance.
You feel protected.
The gnoll hits you from afar with a +0 halberd!
* * * LOW HITPOINT WARNING * * *
You block the gnoll's attack. You block the gnoll sergeant's attack.
It was a potion of flight.
You feel very buoyant.
You fly up into the air.
The gnoll barely misses you.
The gnoll hits you from afar with a +0 halberd.
You die...
Your body crumbles into a pile of gold.

#.#...#
##.##...
#.....#
##..#####
##..## #....#
#####....#
##...'....# .
#..###....#
... ####.##
#....#
....####@g..#
#....#
#.....#.####
#....# #.gg#
#....#
......#.g#
#....#
.......>##
######
......###
...... .....
.....


You could see a gnoll sergeant and 3 gnolls.

Vanquished Creatures
  Pikel (D:4)
  A steam dragon (D:3)
  An ice beast (D:5)
  3 lemures (D:4)
  A necrophage (D:3)
  A jelly (D:5)
  2 hounds
  An orc priest (D:4)
  Jessica (D:2)
  Terence (D:3)
  5 iguanas (D:5)
  An orc wizard (D:4)
  4 adders
  A white imp (D:3)
  2 ufetubi (D:5)
  3 dart slugs
  2 orcs (D:4)
  8 ball pythons
  9 endoplasms
  2 giant cockroaches
  9 goblins
  4 hobgoblins
  3 jackals (D:5)
  7 quokkas
  4 bats
  2 frilled lizards
  5 kobolds
  10 rats
94 creatures vanquished.

Notes
Turn   | Place    | Note
-------+----------+-------------------------------------------
     0 | D:1      | retardedninja the Hill Orc Fighter began the quest for the
                  | Orb.
     0 | D:1      | Reached XP level 1. HP: 19/19 MP: 1/1
   126 | D:1      | Reached XP level 2. HP: 24/27 MP: 2/2
   364 | D:1      | Reached XP level 3. HP: 28/33 MP: 3/3
  1334 | D:2      | Reached XP level 4. HP: 40/40 MP: 4/4
  1382 | D:2      | Noticed Jessica
  1393 | D:2      | Killed Jessica
  1784 | D:3      | Noticed Terence
  1795 | D:3      | Killed Terence
  1796 | D:3      | Reached XP level 5. HP: 18/47 MP: 5/5
  2499 | D:3      | Reached skill level 5 in Fighting
  2501 | D:3      | Reached XP level 6. HP: 56/56 MP: 6/6
  2849 | D:4      | Noticed a steam dragon
  2865 | D:3      | Killed a steam dragon
  3100 | D:4      | Reached skill level 5 in Axes
  3123 | D:4      | Reached skill level 5 in Armour
  3123 | D:4      | Reached skill level 5 in Shields
  3156 | D:4      | Noticed Pikel
  3164 | D:4      | Killed Pikel
  3165 | D:4      | Reached XP level 7. HP: 40/64 MP: 7/7
  3165 | D:4      | Reached XP level 8. HP: 44/71 MP: 8/8
  3326 | D:4      | Found a bloodstained altar of Trog.
  3431 | D:4      | Found a staircase to the Ecumenical Temple.
  3445 | Temple   | Entered the Ecumenical Temple
  3464 | Temple   | Became a worshipper of Gozag Ym Sagoz the Greedy
  3606 | D:4      | Found a white marble altar of Elyvilon.
  3719 | D:4      | Found a basalt altar of Yredelemnul.
  3748 | D:5      | Entered Level 5 of the Dungeon
  4397 | D:5      | HP: 2/71 [gnoll/+0 halberd[a gnoll sergeant] (8)]
  4398 | D:5      | Slain by a gnoll

Illustrated notes

Levels and vault maps discovered:
D:1:      onia_arrival_handbag, layout_basic, minmay_split_cup_small
D:2:      layout_basic, uniq_jessica
D:3:      layout_basic, kennysheep_cross_bottleneck, hex_medium, uniq_terence
D:4:      layout_rooms, kennysheep_mini, mainiacjoe_overflow_brackets,
          general_overflow_altar, minmay_temple_entry_sparse_star,
          due_unseen_surprise, uniq_pikel
D:5:      layout_basic
Temple:   nicolae_temple_ecumenical_triangle

Skill      XL: |  1  2  3  4  5  6  7  8 |
---------------+-------------------------+-----
Axes           | 3 4 6 |  6.9
Fighting       | 4 5 6 |  6.9
Armour         | 4 5 6 |  6.3
Shields        | 4 5 6 |  6.3

Action                   |  1- 3 |  4- 6 |  7- 9 || total
-------------------------+-------+-------+-------++-------
Melee: War axe           |   108 |   150 |    91 ||   349
  Use: Potion            |       |     2 |     3 ||     5
       Scroll            |       |       |    10 ||    10
Armor: Scale mail        |    53 |       |       ||    53
       Plate armour      |     2 |   115 |    74 ||   191
Dodge: Dodged            |    47 |    40 |    43 ||   130
Block: Buckler           |    27 |    32 |    31 ||    90

Table legend: (Time is in decaauts)
 A = Elapsed time spent in this place.
 B = Non-inter-level travel time spent in this place.
 C = Inter-level travel time spent in this place.
 D = Time resting spent in this place.
 E = Time spent auto-exploring this place.
 F = Levels seen in this place.
 G = Mean time per level.
                   A        B        C        D        E       F      G
               +--------+--------+--------+--------+--------+-----+--------+
         Total |   4509 |   4451 |     58 |    896 |   2732 |   6 |  751.5 |
       Dungeon |   4480 |   4430 |     50 |    896 |   2720 |   5 |  896.0 |
        Temple |     28 |     20 |      8 |      0 |     12 |   1 |   28.0 |
               +--------+--------+--------+--------+--------+-----+--------+

Top non-repeatable levels by time:
     D:3: 1346 daAuts
     D:1: 1085 daAuts
     D:4: 841 daAuts
     D:2: 696 daAuts
     D:5: 511 daAuts
  Temple: 28 daAuts
